[Event "ICC tourney 2022 (75 10)"]
[Site "Internet Chess Club"]
[Date "2020.09.26"]
[Round "1"]
[White "Natey"]
[Black "StevChess01"]
[Result "1/2-1/2"]
[ICCResult "Game drawn by mutual agreement"]
[WhiteElo "1667"]
[BlackElo "1890"]
[Opening "Sicilian: O'Kelly variation"]
[ECO "B28"]
[NIC "SI.43"]
[Time "13:09:03"]
[TimeControl "4500+10"]

1. e4 c5 2. Nf3 a6 3. d4 cxd4 4. Nxd4 Nf6 5. Nc3 e5 6. Nb3 Bb4 7. Bd3 Bxc3+
8. bxc3 d6 9. O-O O-O 10. h3 Qc7 11. Bg5 Nbd7 12. Qd2 b6 13. f4 Bb7 14. fxe5
dxe5 15. Rae1 Rfc8 16. Bxf6 Nxf6 17. Qg5 Ne8 18. Re3 f6 19. Qf5 Qf7 20. Rg3
Rxc3 21. h4 Nd6 22. Qg4 Bc8 23. Qf3 Kh8 24. Qf2 Rc6 25. h5 Ne8 26. h6 g6 27.
c4 Be6 28. Nd2 Qf8 29. Rb1 Qc5 30. Qxc5 bxc5 31. Be2 Rd8 32. Nf1 Kg8 33.
Rgb3 Rcd6 34. Rb6 {Game drawn by mutual agreement} 1/2-1/2

[Event "ICC tourney 2022 (75 10)"]
[Site "Internet Chess Club"]
[Date "2020.09.26"]
[Round "1"]
[White "IAlwaysWin"]
[Black "kaleblancman"]
[Result "0-1"]
[ICCResult "White checkmated"]
[WhiteElo "1965"]
[BlackElo "1793"]
[Opening "English: symmetrical, Botvinnik system reversed"]
[ECO "A37"]
[NIC "EO.28"]
[Time "13:09:53"]
[TimeControl "4500+10"]

1. c4 c5 2. Nc3 g6 3. Nf3 Nc6 4. g3 Bg7 5. Bg2 e5 6. d3 Nge7 7. O-O O-O 8.
Rb1 d6 9. a3 a5 10. Bd2 Rb8 11. Nb5 d5 12. Qc1 d4 13. Ne1 Bd7 14. Nc2 a4 15.
b4 axb3 16. Rxb3 Na5 17. Rb1 Bc6 18. Na1 Bxg2 19. Kxg2 b6 20. Nb3 Nec6 21.
Nxa5 bxa5 22. Qc2 Qd7 23. Qa4 Rfc8 24. Qc2 f5 25. e3 dxe3 26. Bxe3 Nd4 27.
Bxd4 cxd4 28. Qd2 Ra8 29. Qe2 Qc6+ 30. f3 Re8 31. Rfe1 Rab8 32. Qd2 Ra8 33.
a4 e4 34. Qe2 Re7 35. Kg1 Rae8 36. dxe4 fxe4 37. fxe4 Rxe4 38. Qf1 Rxe1 39.
Rxe1 Rxe1 40. Qxe1 d3 41. Qc1 Qe4 42. c5 Bd4+ 43. Nxd4 Qxd4+ 44. Kg2 Qxa4
45. Qe3 Qc2+ 46. Kh3 Qe2 47. Qg5 Qe6+ 48. Kh4 h5 49. h3 Qe4+ 50. g4 Qe1#
{White checkmated}
0-1

[Event "ICC tourney 2022 (75 10)"]
[Site "Internet Chess Club"]
[Date "2020.09.26"]
[Round "1"]
[White "cdj12417489"]
[Black "FL2009"]
[Result "0-1"]
[ICCResult "White forfeits on time"]
[WhiteElo "1298"]
[BlackElo "1798"]
[Opening "Scotch game"]
[ECO "C45"]
[NIC "SO.05"]
[Time "13:09:11"]
[TimeControl "4500+10"]

1. e4 e5 2. Nf3 Nc6 3. d4 exd4 4. Nxd4 Bc5 5. Be3 Qf6 6. c3 Nge7 7. Be2 Bb6
8. O-O O-O 9. Qd3 d6 10. Nd2 Re8 11. Nb5 Ne5 12. Qc2 c6 13. Bxb6 cxb5 14.
Be3 a6 15. Nf3 N7c6 16. Rad1 Bg4 17. Nxe5 Bxe2 18. Qxe2 Nxe5 19. Bd4 Qe6 20.
f3 Qxa2 21. f4 Nc6 22. Qg4 Nxd4 23. Rxd4 Rad8 24. Qe2 Qe6 25. Rf3 f6 26.
Rfd3 d5 27. Rxd5 Rxd5 28. Rxd5 Qxd5 29. Qf2 Qd1+ 30. Qf1 Qxf1+ 31. Kxf1 Rxe4
32. g3 b4 33. Kf2 bxc3 34. bxc3 Rc4 {White forfeits on time} 0-1

[Event "ICC tourney 2022 (75 10)"]
[Site "Internet Chess Club"]
[Date "2020.09.26"]
[Round "1"]
[White "kapilank"]
[Black "Mapking1"]
[Result "1-0"]
[ICCResult "Black checkmated"]
[WhiteElo "1914"]
[BlackElo "1669"]
[Opening "Sicilian: dragon, Yugoslav attack, 10.O-O-O"]
[ECO "B78"]
[NIC "SI.18"]
[Time "13:09:07"]
[TimeControl "4500+10"]

1. e4 c5 2. Nf3 d6 3. d4 cxd4 4. Nxd4 Nf6 5. Nc3 g6 6. Be3 Bg7 7. f3 Nc6 8.
Qd2 O-O 9. Bc4 Bd7 10. O-O-O Rc8 11. Bb3 Nxd4 12. Bxd4 b5 13. Kb1 b4 14. Ne2
a5 15. c3 a4 16. Bc2 b3 17. axb3 axb3 18. Bxb3 Ra8 19. Kc2 Ba4 20. Nc1 Qa5
21. c4 Bxb3+ 22. Nxb3 Qa4 23. Qd3 Rfb8 24. Ra1 Qc6 25. Rxa8 Rxa8 26. Ra1 Rc8
27. Nd2 d5 28. c5 dxe4 29. fxe4 Rd8 30. Qa6 Qd7 31. Qa4 Qg4 32. c6 Nxe4 33.
c7 Qc8 34. Qc6 Rd6 35. Qa8 Rd8 36. Qxc8 Rxc8 37. Bxg7 Nxd2 38. Kxd2 Kxg7 39.
Rc1 Kf6 40. b4 Ke6 41. b5 Kd7 42. b6 e5 43. b7 e4 44. b8=Q f5 45. Qb5+ Ke6
46. Rc6+ Kf7 47. Qd5+ Kg7 48. Qd7+ Kh6 49. Qxc8 e3+ 50. Ke1 e2 51. Qxf5 Kg7
52. Qg5 Kh8 53. Qf6+ Kg8 54. c8=R# {Black checkmated} 1-0

[Event "ICC tourney 2022 (75 10)"]
[Site "Internet Chess Club"]
[Date "2020.09.26"]
[Round "1"]
[White "Telos53"]
[Black "ciciwin"]
[Result "1-0"]
[ICCResult "Black resigns"]
[WhiteElo "1874"]
[BlackElo "1576"]
[Opening "Queen's pawn game"]
[ECO "D04"]
[NIC "QP.08"]
[Time "13:09:14"]
[TimeControl "4500+10"]

1. d4 d5 2. Nf3 Nf6 3. e3 Bf5 4. c4 e6 5. Nc3 c6 6. Be2 Nbd7 7. O-O Be7 8.
b3 O-O 9. Bb2 h6 10. Nd2 Rc8 11. Re1 c5 12. Bf3 cxd4 13. exd4 dxc4 14. Nxc4
Nb6 15. Na5 Bb4 16. Nxb7 Qd7 17. Rc1 Nbd5 18. Nc5 Bxc5 19. dxc5 Nxc3 20.
Rxc3 Qxd1 21. Rxd1 Ne4 22. Rc4 Ng5 23. Bb7 Rcd8 24. Rcd4 Rxd4 25. Rxd4 e5
26. Rd1 f6 27. c6 Bc8 28. Ba3 Re8 29. Bc5 a6 30. a4 Ne6 31. Bb6 Nd4 32. Bxd4
exd4 33. Kf1 Bxb7 34. cxb7 Rb8 35. Rxd4 Rxb7 36. b4 Kf7 37. Ke2 Ke6 38. Kd3
g5 39. Rc4 Kd5 40. Rc5+ Kd6 41. Kc4 Rb6 42. a5 Rb8 43. b5 axb5+ 44. Rxb5
Rc8+ 45. Kd4 Ra8 46. Rb6+ Kc7 47. Rxf6 Rxa5 48. Rxh6 Ra4+ 49. Ke3 Ra3+ 50.
Ke2 Ra2+ 51. Kf3 Ra4 52. Rg6 Ra3+ 53. Kg4 Ra2 54. Rf6 Ra5 55. Rf5 Ra4+ 56.
Kxg5 {Black resigns} 1-0

[Event "ICC tourney 2022 (75 10)"]
[Site "Internet Chess Club"]
[Date "2020.09.26"]
[Round "1"]
[White "agpil"]
[Black "ScoutViolet"]
[Result "1-0"]
[ICCResult "Black resigns"]
[WhiteElo "1857"]
[BlackElo "1587"]
[Opening "Ruy Lopez: modern Steinitz defense, 5.O-O"]
[ECO "C72"]
[NIC "RL.10"]
[Time "13:09:10"]
[TimeControl "4500+10"]

1. e4 e5 2. Nf3 Nc6 3. Bb5 a6 4. Ba4 d6 5. O-O Bd7 6. c3 g6 7. d3 Bg7 8. Be3
Nge7 9. Bb3 h6 10. Qd2 g5 11. Na3 O-O 12. Ne1 Kh8 13. h4 f6 14. hxg5 fxg5
15. f3 Na5 16. Bc2 Be6 17. d4 Nc4 18. Nxc4 Bxc4 19. Rf2 Be6 20. g3 Kg8 21.
d5 Bd7 22. c4 Ng6 23. Ng2 Qe7 24. Rc1 Rf7 25. b4 Raf8 26. Bd1 Qd8 27. c5
dxc5 28. bxc5 Bh3 29. Ne1 Bc8 30. Bb3 Rf6 31. Qe2 b5 32. cxb6 cxb6 33. Bd2
a5 34. Be3 Bd7 35. a4 Qe8 36. Qa2 Rd6 37. Rcc2 Rff6 38. Bc1 Bc8 39. Ba3 Rd8
40. Rc6 Bd7 41. Rxf6 Bxf6 42. Bc1 Qf8 43. Ba3 Qe8 44. Bc1 Rc8 45. Be3 Qd8
46. Qb2 Rb8 47. Nd3 b5 48. Qa2 b4 49. Nc5 Kg7 50. d6 Qe8 51. Na6 Rc8 52. Nc7
Qf8 53. Qd2 Bd8 54. Be6 Bxa4 55. Bxc8 Bxc7 56. dxc7 Qxc8 57. Qd8 Bd7 58. Rd2
Be6 59. Qxc8 Bxc8 60. Ra2 Kf7 61. Rxa5 Ke7 62. Rb5 Kd7 63. Bb6 Kc6 64. Rxb4
Nf8 65. Ba5 Ne6 66. Rb6+ Kd7 67. Kf2 Nxc7 68. Rxh6 Ne6 69. Ke3 Ke7 70. Bc3
Kd6 71. Kd3 Ba6+ 72. Ke3 Bc8 73. Kf2 Ba6 74. Bd2 Ke7 75. Bxg5+ Nxg5 76. Rxa6
Nf7 77. Ke3 Nd6 78. Rxd6 Kxd6 79. f4 Ke6 80. fxe5 Kxe5 81. g4 {Black
resigns} 1-0

[Event "ICC tourney 2022 (75 10)"]
[Site "Internet Chess Club"]
[Date "2020.09.26"]
[Round "1"]
[White "rmauskopf24"]
[Black "Joshua1"]
[Result "0-1"]
[ICCResult "White resigns"]
[WhiteElo "1533"]
[BlackElo "1839"]
[Opening "QGD semi-Slav: Stoltz variation"]
[ECO "D45"]
[NIC "SL.08"]
[Time "13:09:28"]
[TimeControl "4500+10"]

1. d4 d5 2. c4 c6 3. Nf3 Nf6 4. Nc3 e6 5. e3 Nbd7 6. Qc2 Bd6 7. g4 Nxg4 8.
Rg1 Nxh2 9. Nxh2 Bxh2 10. Rxg7 Qh4 11. e4 Qf6 12. Rg2 Bc7 13. Be3 dxc4 14.
Bxc4 b5 15. Be2 Bb7 16. Nxb5 Ba5+ 17. Nc3 Nb6 18. O-O-O Bxc3 19. bxc3 Qe7
20. Rg7 O-O-O 21. Kb1 Rdg8 22. Rdg1 Rxg7 23. Rxg7 Qf6 24. Rg3 Qe7 25. e5 Nd5
26. Bg5 Qc7 27. c4 Nb4 28. Qa4 c5 29. Bf3 Bxf3 30. Rxf3 Qb7 31. Rb3 Qe4+ 32.
Kb2 Qxd4+ 33. Kb1 Qd1+ 34. Kb2 Qc2+ 35. Ka1 Rd8 36. Bxd8 Qc1+ 37. Rb1 Nc2+
38. Qxc2 Qxc2 39. Bf6 Qxc4 40. Rd1 Qc3+ 41. Kb1 Qb4+ 42. Ka1 c4 43. Rd8+ Kc7
44. Rd1 c3 45. Rb1 Qd4 {White resigns} 0-1

[Event "ICC tourney 2022 (75 10)"]
[Site "Internet Chess Club"]
[Date "2020.09.26"]
[Round "1"]
[White "HarleyQueen8"]
[Black "canary2016"]
[Result "0-1"]
[ICCResult "White checkmated"]
[WhiteElo "1715"]
[BlackElo "2011"]
[Opening "QGD: Cambridge Springs defense, Rubinstein variation"]
[ECO "D52"]
[NIC "QO.15"]
[Time "13:09:02"]
[TimeControl "4500+10"]

1. d4 d5 2. c4 c6 3. Nf3 Nf6 4. Nc3 e6 5. Bg5 Nbd7 6. e3 Qa5 7. Nd2 dxc4 8.
Bxf6 Nxf6 9. Nxc4 Qc7 10. Bd3 Be7 11. O-O O-O 12. Rc1 Bd7 13. h3 Rfd8 14.
Qe2 Rac8 15. Ne4 Qb8 16. Ne5 Be8 17. Nf3 Nd5 18. a3 a5 19. Rc2 Rc7 20. Rfc1
b6 21. Ne5 c5 22. Nf3 Ba4 23. Rd2 cxd4 24. Rxc7 Qxc7 25. Nxd4 Nf4 26. exf4
Rxd4 27. Qe3 Rd8 28. Bf1 Rc8 29. Qd4 Bc6 30. Rc2 Qxf4 31. Bb5 Bb7 32. Rxc8+
Bxc8 33. Qc3 Bb7 34. Bc6 Bxc6 35. Qxc6 Qe5 36. Qc2 f5 37. Ng3 Bc5 38. Qd2
Qxg3 39. Qd8+ Kf7 40. Qd7+ Kf6 41. Qd8+ Kg6 42. Qe8+ Kg5 43. Qd8+ Kh5 44.
Qd1+ Kh6 45. Qc1+ Qg5 46. Qc4 e5 47. Qe6+ Qf6 48. Qd5 e4 49. Qd2+ f4 50. Qe2
e3 51. f3 Qh4 52. Kh1 Qf6 53. Qc4 Qd4 54. Qe6+ g6 55. h4 e2 56. Kh2 Qg1+ 57.
Kh3 e1=Q 58. Qxe1 Qxe1 59. Kh2 Qg1+ 60. Kh3 Qf2 61. Kh2 Qxh4# {White
checkmated} 0-1

[Event "ICC tourney 2022 (75 10)"]
[Site "Internet Chess Club"]
[Date "2020.09.26"]
[Round "2"]
[White "AHSRULES"]
[Black "Telos53"]
[Result "1-0"]
[ICCResult "Black resigns"]
[WhiteElo "1859"]
[BlackElo "1837"]
[Opening "Sicilian: Taimanov variation"]
[ECO "B45"]
[NIC "SI.39"]
[Time "16:35:07"]
[TimeControl "4500+10"]

1. e4 c5 2. Nf3 e6 3. d4 cxd4 4. Nxd4 Nc6 5. Nc3 Nf6 6. Be2 Bb4 7. O-O Bxc3
8. bxc3 Nxe4 9. Nxc6 dxc6 10. Qxd8+ Kxd8 11. Bf3 Nd6 12. Rd1 Kc7 13. Bf4 Rd8
14. Rxd6 {Black resigns} 1-0

[Event "ICC tourney 2022 (75 10)"]
[Site "Internet Chess Club"]
[Date "2020.09.26"]
[Round "2"]
[White "Mapking1"]
[Black "IAlwaysWin"]
[Result "0-1"]
[ICCResult "White resigns"]
[WhiteElo "1664"]
[BlackElo "1970"]
[Opening "Caro-Kann: exchange variation"]
[ECO "B13"]
[NIC "CK.02"]
[Time "16:34:52"]
[TimeControl "4500+10"]

1. e4 c6 2. d4 d5 3. exd5 cxd5 4. Bd3 Nc6 5. c3 g6 6. Bf4 Bf5 7. Bxf5 gxf5
8. Nf3 Nf6 9. Qb3 Qd7 10. Nbd2 e6 11. O-O-O Bg7 12. Kb1 O-O 13. h3 Ne4 14.
Nxe4 fxe4 15. Nd2 a5 16. a4 Rfc8 17. Bh2 Na7 18. Rhe1 b5 19. axb5 Nxb5 20.
f3 a4 21. Qb4 Bf8 {White resigns} 0-1

[Event "ICC tourney 2022 (75 10)"]
[Site "Internet Chess Club"]
[Date "2020.09.26"]
[Round "2"]
[White "chessmaster0981"]
[Black "joeandjoe56"]
[Result "0-1"]
[ICCResult "White resigns"]
[WhiteElo "1621"]
[BlackElo "1824"]
[Opening "Grünfeld: modern exchange variation"]
[ECO "D90"]
[NIC "GI.07"]
[Time "16:34:44"]
[TimeControl "4500+10"]

1. d4 Nf6 2. Nf3 g6 3. c4 Bg7 4. Nc3 d5 5. cxd5 Nxd5 6. e4 Nxc3 7. bxc3 c5
8. Be3 O-O 9. Bc4 Bg4 10. Qd2 Nc6 11. d5 Qa5 12. Rc1 Rfd8 13. Qb2 Bxf3 14.
gxf3 Ne5 15. Be2 Rab8 16. f4 Nd7 17. e5 Nb6 18. Bd2 c4 19. Qb4 Qxd5 20. O-O
Qxd2 21. Bxc4 Qxf4 22. Bxf7+ Qxf7 23. Rfe1 Rd2 24. Rf1 Bxe5 25. Rce1 Qf4 26.
Qxf4 Bxf4 27. Rxe7 Nd5 28. Rd7 Nxc3 29. Rxd2 Bxd2 30. a3 Re8 31. Kg2 Re1 32.
Rxe1 Bxe1 {White resigns} 0-1

[Event "ICC tourney 2022 (75 10)"]
[Site "Internet Chess Club"]
[Date "2020.09.26"]
[Round "2"]
[White "chessboss05"]
[Black "Vish1080"]
[Result "0-1"]
[ICCResult "White resigns"]
[WhiteElo "1447"]
[BlackElo "1729"]
[Opening "Sicilian: Labourdonnais-Löwenthal (Kalashnikov) variation"]
[ECO "B32"]
[NIC "SI.32"]
[Time "16:34:51"]
[TimeControl "4500+10"]

1. e4 c5 2. Nf3 Nc6 3. d4 cxd4 4. Nxd4 e5 5. Nb5 d6 6. c4 f5 7. N1c3 a6 8.
Na3 Nf6 9. Bg5 Be7 10. Bxf6 Bxf6 11. Bd3 f4 12. Qh5+ g6 13. Qh6 Kf7 14. h4
Be6 15. O-O-O Nd4 16. Ne2 Nxe2+ 17. Bxe2 Qc7 18. Kb1 Bg7 19. Qg5 h6
{White resigns}
0-1

[Event "ICC tourney 2022 (75 10)"]
[Site "Internet Chess Club"]
[Date "2020.09.26"]
[Round "2"]
[White "Hydracyclops"]
[Black "KittiesRock18"]
[Result "0-1"]
[ICCResult "White checkmated"]
[WhiteElo "1520"]
[BlackElo "1368"]
[Opening "Sicilian"]
[ECO "B56"]
[NIC "SI.25"]
[Time "16:34:49"]
[TimeControl "4500+10"]

1. e4 c5 2. Nf3 d6 3. d4 cxd4 4. Nxd4 Nf6 5. Nc3 Nc6 6. Be3 e6 7. g3 d5 8.
exd5 Nxd5 9. Nxc6 bxc6 10. Nxd5 exd5 11. Bg2 Bd6 12. O-O Ba6 13. Re1 O-O 14.
Qg4 f5 15. Qa4 Bb5 16. Qb3 f4 17. Bd4 Qd7 18. Qc3 fxg3 19. fxg3 Rab8 20. a4
Bc4 21. b3 Bb4 22. Qe3 Rbe8 23. Be5 Bxe1 24. Rxe1 Rf5 25. Qc3 Qe7 26. bxc4
Rxe5 27. Rxe5 Qxe5 28. Qxe5 Rxe5 29. cxd5 cxd5 30. Kf2 Kf7 31. h3 d4 32. h4
Re3 33. Bd5+ Kf6 34. Bc4 Ra3 35. Bb5 Ra2 36. Bd3 h6 37. Kf3 Ke5 38. Ke2 Rxa4
39. Kf3 a5 40. Kf2 Rb4 41. Ke2 a4 42. Kd2 a3 43. c3 Rb2+ 44. Kc1 dxc3 45.
Bb1 h5 46. g4 hxg4 47. h5 a2 48. Bxa2 g3 49. Bd5 Kxd5 50. h6 g2 51. hxg7
g1=Q# {White checkmated} 0-1

[Event "ICC tourney 2022 (75 10)"]
[Site "Internet Chess Club"]
[Date "2020.09.26"]
[Round "2"]
[White "ramennoodle"]
[Black "ruitang"]
[Result "1-0"]
[ICCResult "Black resigns"]
[WhiteElo "1920"]
[BlackElo "1652"]
[Opening "Ruy Lopez: 5.O-O"]
[ECO "C78"]
[NIC "RL.12"]
[Time "16:34:57"]
[TimeControl "4500+10"]

1. e4 e5 2. Nf3 Nc6 3. Bb5 a6 4. Ba4 Nf6 5. O-O b5 6. Bb3 Bc5 7. Nxe5 Nxe5
8. d4 Bxd4 9. Qxd4 d6 10. f4 c5 11. Qd2 c4 12. fxe5 dxe5 13. Qxd8+ Kxd8 14.
Bg5 cxb3 15. Rxf6 gxf6 16. Bxf6+ Ke8 17. Bxh8 bxc2 18. Na3 Bb7 19. Nxc2 Bxe4
20. Ne3 Rd8 21. Rd1 Rxd1+ 22. Nxd1 Bd5 23. Nc3 Be6 24. a3 Kd7 25. Bxe5 Kc6
26. Kf2 Kc5 27. Ke3 Kc4 28. g3 a5 29. Kf4 b4 30. axb4 axb4 31. Ne4 h6 32.
Bg7 Kb3 33. Nc5+ Ka2 34. Nxe6 fxe6 35. Bd4 {Black resigns} 1-0

[Event "ICC tourney 2022 (75 10)"]
[Site "Internet Chess Club"]
[Date "2020.09.26"]
[Round "2"]
[White "incredibleking"]
[Black "clair"]
[Result "1-0"]
[ICCResult "Black checkmated"]
[WhiteElo "1662"]
[BlackElo "1697"]
[Opening "Modern defense"]
[ECO "A40"]
[NIC "QO.17"]
[Time "16:35:33"]
[TimeControl "4500+10"]

1. d4 g6 2. Nf3 Bg7 3. c4 e6 4. Nc3 Ne7 5. e4 d5 6. exd5 exd5 7. Bd3 dxc4 8.
Bxc4 O-O 9. O-O h6 10. Re1 c6 11. Bf4 Bg4 12. h3 Bxf3 13. Qxf3 Nf5 14. Rad1
Nd7 15. Ne4 Nb6 16. Bb3 Nxd4 17. Qe3 Nd5 18. Rxd4 Nxe3 19. Rxd8 Rfxd8 20.
Bxe3 a5 21. Bc2 Kh7 22. g4 Bxb2 23. Rb1 Bd4 24. Rxb7 Bxe3 25. fxe3 Kg7 26.
Bb3 a4 27. Rxf7+ Kg8 28. Nf6+ Kh8 29. Rh7# {Black checkmated} 1-0

[Event "ICC tourney 2022 (75 10)"]
[Site "Internet Chess Club"]
[Date "2020.09.26"]
[Round "2"]
[White "VincentT2008"]
[Black "pangpangba"]
[Result "0-1"]
[ICCResult "White resigns"]
[WhiteElo "1751"]
[BlackElo "1668"]
[Opening "QGD: exchange, positional line, 5...c6"]
[ECO "D35"]
[NIC "QO.16"]
[Time "16:35:15"]
[TimeControl "4500+10"]

1. d4 Nf6 2. c4 e6 3. Nc3 d5 4. cxd5 exd5 5. Bg5 c6 6. e3 Be7 7. Bd3 h6 8.
Bh4 O-O 9. Nge2 Nbd7 10. O-O Ne4 11. Bxe7 Qxe7 12. Qc2 Ndf6 13. Rfe1 Nxf2
14. Kxf2 Ng4+ 15. Kg1 Qxe3+ 16. Kh1 Nf2+ 17. Kg1 Nxd3+ 18. Kh1 Nxe1 19. Rxe1
Re8 20. Rf1 Bg4 21. Ng3 Qxd4 22. h3 Qe3 23. Kh2 Be6 24. Nce2 d4 25. Nf4 Rad8
26. Qc5 Bd5 27. Nf5 Qe5 28. Ng3 b6 29. Qc2 Be4 30. Qf2 Re7 31. Re1 Qc7 32.
Nxe4 f5 33. Ng3 Rxe1 34. Qxe1 Qxf4 35. Qe7 Qd6 36. Qxa7 d3 37. Qa4 d2 38.
Qb3+ Kh8 39. Qd1 f4 40. Nf5 Qe5 {White resigns} 0-1

[Event "ICC tourney 2022 (75 10)"]
[Site "Internet Chess Club"]
[Date "2020.09.26"]
[Round "2"]
[White "JunlinTheWorld"]
[Black "rcww2020"]
[Result "1-0"]
[ICCResult "Black resigns"]
[WhiteElo "1724"]
[BlackElo "1618"]
[Opening "Sicilian: Taimanov variation"]
[ECO "B49"]
[NIC "SI.39"]
[Time "16:35:33"]
[TimeControl "4500+10"]

1. e4 c5 2. Nf3 e6 3. d4 cxd4 4. Nxd4 Nc6 5. Nc3 a6 6. Be3 Qc7 7. Be2 Nf6 8.
O-O Bb4 9. Bg5 Bxc3 10. Bxf6 Bxb2 11. Bxg7 Rg8 12. Nb5 axb5 13. Bxb2 Qf4 14.
f3 Qg5 15. Rf2 h5 16. Qd6 Qe7 17. Qxe7+ Kxe7 18. Bxb5 Ra5 19. a4 Na7 20. Bc3
Rxb5 21. axb5 Nxb5 22. Bb4+ Kd8 23. c3 d5 24. exd5 exd5 25. Rd2 Nc7 26. Ba5
Be6 27. c4 Kd7 28. Bxc7 Kxc7 29. cxd5 Rd8 30. Rc2+ {Black resigns} 1-0

[Event "ICC tourney 2022 (75 10)"]
[Site "Internet Chess Club"]
[Date "2020.09.26"]
[Round "2"]
[White "python0812"]
[Black "Roger436"]
[Result "1-0"]
[ICCResult "Black checkmated"]
[WhiteElo "2045"]
[BlackElo "1673"]
[Opening "Sicilian: accelerated fianchetto, Breyer variation"]
[ECO "B39"]
[NIC "SI.33"]
[Time "16:35:04"]
[TimeControl "4500+10"]

1. e4 c5 2. Nf3 Nc6 3. d4 cxd4 4. Nxd4 g6 5. c4 Bg7 6. Be3 Nf6 7. Nc3 Ng4 8.
Qxg4 Nxd4 9. Qd1 e5 10. Bd3 O-O 11. O-O b6 12. Bxd4 exd4 13. Nd5 Bb7 14. f4
Rc8 15. f5 Qg5 16. f6 Bh6 17. Ne7+ Kh8 18. Nxc8 Rxc8 19. Qf3 Qe5 20. Qh3
Be3+ 21. Kh1 Bxe4 22. Bxe4 Qxe4 23. Qxd7 Rf8 24. Qe7 Qa8 25. Rae1 h5 26.
Rxe3 dxe3 27. Qxe3 Kh7 28. Qe7 Kg8 29. Re1 Qc6 30. b3 a5 31. h3 Qc8 32. Qd6
Qb8 33. Rd1 Qb7 34. Qxf8+ Kxf8 35. Rd8# {Black checkmated} 1-0

[Event "ICC tourney 2022 (75 10)"]
[Site "Internet Chess Club"]
[Date "2020.09.26"]
[Round "2"]
[White "kaleblancman"]
[Black "kapilank"]
[Result "0-1"]
[ICCResult "White resigns"]
[WhiteElo "1761"]
[BlackElo "1919"]
[Opening "Queen's pawn: London system"]
[ECO "A45"]
[NIC "QP.07"]
[Time "16:34:37"]
[TimeControl "4500+10"]

1. d4 Nf6 2. Bf4 g6 3. Nc3 Bg7 4. e4 d6 5. Qd2 Nc6 6. O-O-O O-O 7. Be2 a6 8.
h4 h5 9. f3 e6 10. g4 b5 11. e5 dxe5 12. dxe5 Qxd2+ 13. Rxd2 Nd7 14. gxh5
gxh5 15. Ne4 Ndxe5 16. Ng3 Ng6 17. Nxh5 Nxf4 18. Nxf4 Bh6 19. Ngh3 e5 20.
Nh5 Bxd2+ 21. Kxd2 Bxh3 22. Rxh3 Nd4 23. Rg3+ Kh8 24. Bd3 Rg8 25. Ke3 Rxg3
26. Nxg3 Rg8 27. Ne4 Rg2 28. Nc5 Nxc2+ 29. Bxc2 Rxc2 30. Nxa6 Rxb2 31. Nxc7
f5 {White resigns} 0-1

[Event "ICC tourney 2022 (75 10)"]
[Site "Internet Chess Club"]
[Date "2020.09.26"]
[Round "2"]
[White "StevChess01"]
[Black "andrewjiang2"]
[Result "1-0"]
[ICCResult "Black resigns"]
[WhiteElo "1911"]
[BlackElo "1987"]
[Opening "QGD: exchange, positional line, 6.Qc2"]
[ECO "D36"]
[NIC "QO.16"]
[Time "16:34:42"]
[TimeControl "4500+10"]

1. d4 d5 2. c4 e6 3. Nc3 Nf6 4. cxd5 exd5 5. Bg5 c6 6. Qc2 Nbd7 7. e3 Bd6 8.
Bd3 h6 9. Bh4 O-O 10. Nge2 Re8 11. Bg3 Qc7 12. h3 a6 13. O-O Nf8 14. Rac1
Nh5 15. Nxd5 Qd8 16. Bxd6 Qxd6 17. Nb6 Rb8 18. Nxc8 Rbxc8 19. Qc5 Qxc5 20.
Rxc5 Nf6 21. Ng3 Ne6 22. Rcc1 c5 23. dxc5 Nxc5 24. Bf5 Rc7 25. b4 Ne6 26.
Bxe6 Rxc1 27. Bxf7+ {Black resigns} 1-0

[Event "ICC tourney 2022 (75 10)"]
[Site "Internet Chess Club"]
[Date "2020.09.26"]
[Round "2"]
[White "ryanwang"]
[Black "Singireddy"]
[Result "1/2-1/2"]
[ICCResult "Game drawn by mutual agreement"]
[WhiteElo "1871"]
[BlackElo "1861"]
[Opening "Ruy Lopez: closed, Chigorin, 12...c5d4"]
[ECO "C99"]
[NIC "RL.24"]
[Time "16:34:42"]
[TimeControl "4500+10"]

1. e4 e5 2. Nf3 Nc6 3. Bb5 a6 4. Ba4 Nf6 5. O-O b5 6. Bb3 Be7 7. Re1 O-O 8.
c3 d6 9. h3 Na5 10. Bc2 c5 11. d4 Qc7 12. Nbd2 cxd4 13. cxd4 Bb7 14. d5 Rac8
15. Bd3 Nc4 16. b3 Nxd2 17. Bxd2 Nd7 18. Rc1 Qb8 19. g4 Rxc1 20. Bxc1 Nc5
21. Bb1 Rc8 22. Be3 a5 23. Qd2 b4 24. Rc1 Qa7 25. Bd3 Bd8 26. Bxc5 Rxc5 27.
Rxc5 Qxc5 28. Qc2 Qxc2 29. Bxc2 Ba6 30. Ne1 Bg5 31. Bd3 Bc8 32. Kf1 Kf8
{Game drawn by mutual agreement}
1/2-1/2

[Event "ICC tourney 2022 (75 10)"]
[Site "Internet Chess Club"]
[Date "2020.09.26"]
[Round "2"]
[White "sujashankar"]
[Black "Mrpeetapizza"]
[Result "0-1"]
[ICCResult "White checkmated"]
[WhiteElo "1745"]
[BlackElo "1904"]
[Opening "Sicilian"]
[ECO "B50"]
[NIC "SI.01"]
[Time "16:35:09"]
[TimeControl "4500+10"]

1. e4 c5 2. Nf3 d6 3. c3 Nf6 4. Bd3 e6 5. h3 Be7 6. Bc2 O-O 7. O-O b6 8. d4
Nc6 9. Bg5 h6 10. Bh4 cxd4 11. cxd4 e5 12. d5 Nb4 13. Bb3 Ba6 14. Bxf6 Bxf6
15. a3 Nd3 16. Qd2 Nc5 17. Bc2 Bxf1 18. Kxf1 a5 19. Nc3 Qd7 20. Qe2 Rfc8 21.
Bd3 Nxd3 22. Qxd3 Rc5 23. Kg1 b5 24. Nd2 Bg5 25. Nb3 Rc4 26. a4 Rb4 27. Nxb5
Rc8 28. Nxa5 Rxb2 29. Nc4 Rxb5 30. axb5 Qxb5 31. Nxe5 Qb2 32. Qa6 Rc1+ 33.
Rxc1 Qxc1+ 34. Kh2 Bf4+ 35. g3 Bxe5 36. Qc6 Qxc6 37. dxc6 d5 38. exd5 Kf8
39. Kg2 Ke7 40. f4 Bb8 41. Kf3 Kd6 42. Ke4 Ba7 43. g4 Bb6 44. h4 Bd8 45. h5
Be7 46. Kd4 Bh4 47. Kc4 Bg3 48. f5 Be5 49. Kb5 Kxd5 50. Kb6 Ke4 51. c7 Bxc7+
52. Kxc7 Kf4 53. Kd7 Kxg4 54. Ke7 Kxf5 55. Kxf7 Kg5 56. Kxg7 Kxh5 57. Kf6
Kg4 58. Ke5 h5 59. Ke4 h4 60. Ke3 Kg3 61. Ke2 Kg2 62. Ke3 h3 63. Kf4 h2 64.
Kg4 h1=Q 65. Kf4 Qh3 66. Ke4 Qe6+ 67. Kf4 Kf2 68. Kg5 Kf3 69. Kh4 Qg8 70.
Kh5 Kf4 71. Kh6 Kf5 72. Kh5 Qh8# {White checkmated} 0-1

[Event "ICC tourney 2022 (75 10)"]
[Site "Internet Chess Club"]
[Date "2020.09.26"]
[Round "2"]
[White "kwen2008"]
[Black "tortorchess"]
[Result "1-0"]
[ICCResult "Black checkmated"]
[WhiteElo "1736"]
[BlackElo "1457"]
[Opening "QGD Slav: exchange variation"]
[ECO "D13"]
[NIC "SL.02"]
[Time "16:34:38"]
[TimeControl "4500+10"]

1. d4 d5 2. c4 c6 3. Nf3 Nf6 4. cxd5 cxd5 5. Nc3 Nc6 6. Bf4 a6 7. e3 Bg4 8.
Be2 e6 9. a3 Bd6 10. Bg5 h6 11. Bh4 O-O 12. O-O Rc8 13. Na4 Na5 14. b4 Nc4
15. Nc5 b6 16. Nxa6 Ra8 17. Bxc4 dxc4 18. b5 Qe7 19. a4 Rfc8 20. h3 Bh5 21.
e4 e5 22. Re1 c3 23. Qd3 Bxf3 24. gxf3 exd4 25. e5 Bxe5 26. f4 Qd7 27. Rxe5
c2 28. Rc1 Rc3 29. Qf1 d3 30. Qg2 Rxa6 31. Bxf6 g6 32. Rd5 d2 33. Rf1 Qe8
34. Rxd2 c1=Q 35. Rd8 Qxd8 36. Bxd8 Qd2 37. bxa6 Qxd8 38. a7 Rc8 39. Qb7 h5
40. Rb1 Kg7 41. a5 g5 42. axb6 gxf4 43. Qg2+ Kh8 44. b7 f3 45. Qxf3 Qg5+ 46.
Qg3 Rc1+ 47. Rxc1 Qxc1+ 48. Kh2 h4 49. b8=Q+ Kh7 50. Qxh4+ Kg6 51. Qg8+ Kf5
52. Qgg4+ Ke5 53. Qhh5+ Kd6 54. Qd4+ Ke7 55. Qhe5+ Kf8 56. a8=Q+ Qc8 57.
Qxc8# {Black checkmated} 1-0